 Dungeon Crawl Stone Soup version 0.27-a0-277-g024f7ef292 (webtiles) character file.

Game seed: 7776967955289921689

289 Borgoz the Skirmisher (level 6, -3/39 HPs)
             Began as a Gargoyle Berserker on Feb 5, 2021.
             Was a Believer of Trog.
             Killed by divine providence
             ... invoked by an orc priest
              (11 damage)
             ... on level 3 of the Dungeon.
             The game lasted 00:02:35 (2597 turns).

Borgoz the Skirmisher (Gargoyle Berserker)          Turns: 2597, Time: 00:02:36

Health: -3/39      AC:  6    Str: 20    XL:     6   Next: 31%
Magic:  6/6        EV: 12    Int:  8    God:    Trog [**....]
Gold:   119        SH:  0    Dex: 11    Spells: 5/5 levels left

rFire    . . .     SeeInvis .   h - +0 flail (vorpal)
rCold    . . .     Faith    .   (no shield)
rNeg     + . .     Spirit   .   b - +0 animal skin
rPois    ∞         Reflect  .   (no helmet)
rElec    +         Harm     .   (no cloak)
rCorr    .         Rampage  .   (no gloves)
Will     ++...                  (no boots)
Stlth    +.........             (no amulet)
HPRegen  1.13/turn              (no ring)
MPRegen  0.10/turn              (no ring)

@: berserk cooldown, regenerating, slowed, very slow
A: negative energy resistance 1, electricity resistance, unbreathing,
petrification resistance, miasma immunity, AC +4
a: Renounce Religion, Berserk, Trog's Hand


You were on level 3 of the Dungeon.
You worshipped Trog.
Trog was pleased with you.
You visited 1 branch of the dungeon, and saw 3 of its levels.

You collected 119 gold pieces.

Inventory:

Hand Weapons
 h - a +0 vorpal flail (weapon)
Armour
 b - a +0 animal skin (worn)
Jewellery
 e - an uncursed ring of flight
Scrolls
 d - a scroll of identify
 g - a scroll of remove curse
Potions
 a - a potion of curing {unknown}
 c - a potion of mutation
 f - a potion of might


   Skills:
 + Level 4.7 Fighting
 + Level 4.2 Maces & Flails
 + Level 4.0 Armour
 + Level 2.9 Dodging


You had 5 spell levels left.
You didn't know any spells.
Your spell library was empty.

Dungeon Overview and Level Annotations

Branches:
Dungeon (3/15)

Altars:
Makhleb


Innate Abilities, Weirdness & Mutations

You are resistant to torment.
Your stone body is resilient. (AC +4)
You are immune to poison.
You resist negative energy. (rN+)
You are resistant to electric shocks. (rElec)
You can survive without breathing.
You are immune to petrification.
You are immune to miasma.


Message History

An orc priest comes into view. It is wielding a +0 short sword.
Your Armour skill increases to level 4!
You barely miss the hobgoblin.
The orc priest shouts!
The orc misses you.
The hobgoblin hits you but does no damage.
The orc priest casts a cantrip, but nothing happens.
An orc comes into view. It is wielding a +0 mace.
The hobgoblin barely misses you. The orc hits you but does no damage.
The orc hits you with a +0 trident.
* * * LOW HITPOINT WARNING * * *
The hobgoblin hits you.
* * * LOW HITPOINT WARNING * * *
Okay, then.
Your skin crawls.
You feel strong-willed. The orc barely misses you.
The orc hits you but does no damage.
The orc priest calls down the wrath of Beogh upon you.
Beogh smites you!
You die...

.#...######## .#...#...#
# .#...#.#+### #. .#
.#...÷.....# #.# ##.#
.#....<....# #.# ...
.#.........###.##..
.....#.#'####..... #
.###.#.#.# #....##.#...
.....#.#.# #..o@..oo...
.......#.# #.))go....##
.....###.# ##)##.....#
.......#.# #.....<..#
####.#.#.#####..........
#.#.#.............###
#.#)#..>............
##.#.##......########
#....##......#


You could see an orc priest, 3 orcs and a hobgoblin.

Vanquished Creatures
  A gnoll shaman (D:3)
  3 orc priests (D:3)
  5 adders
  6 gnolls
  An ooze (D:2)
  3 worms (D:2)
  A dart slug (D:2)
  A leopard gecko (D:1)
  6 orcs (D:3)
  3 bats (D:1)
  3 giant cockroaches
  A goblin (D:1)
  8 hobgoblins
  3 jackals
  3 ball pythons
  5 frilled lizards
  5 kobolds
  2 rats
60 creatures vanquished.

Notes
Turn   | Place    | Note
-------+----------+-------------------------------------------
     0 | D:1      | Borgoz the Gargoyle Berserker began the quest for the Orb.
     0 | D:1      | Reached XP level 1. HP: 14/14 MP: 1/1
   106 | D:1      | Reached XP level 2. HP: 19/19 MP: 2/2
   434 | D:1      | Reached XP level 3. HP: 23/23 MP: 3/3
  1048 | D:2      | Reached ** piety under Trog
  1533 | D:2      | Reached XP level 4. HP: 28/29 MP: 4/4
  1750 | D:2      | Found a burning altar of Makhleb.
  2210 | D:3      | Reached XP level 5. HP: 19/33 MP: 5/5
  2579 | D:3      | Reached XP level 6. HP: 31/39 MP: 6/6
  2597 | D:3      | Killed from afar by an orc priest

Illustrated notes

Levels and vault maps discovered:
D:1:      dpeg_arrival_rooms_b, layout_loops_ring
D:2:      layout_rooms, lemuel_crystal_altar
D:3:      layout_basic, saegor_snake_ambush, uniq_natasha, uniq_grinder

Skill      XL: |  1  2  3  4  5  6 |
---------------+-------------------+-----
Dodging        | 2 |  2.9
Armour         | 3 4 |  4.0
Fighting       | 4 |  4.7
Maces & Flails | 4 |  4.2

Action                   |  1- 3 |  4- 6 || total
-------------------------+-------+-------++-------
Melee: Mace              |    93 |    58 ||   151
       Flail             |       |    37 ||    37
Invok: Berserk           |     2 |     5 ||     7
       Trog's Hand       |       |     3 ||     3
  Use: Scroll            |     3 |     2 ||     5
 Stab: Sleeping          |     1 |       ||     1
Armor: Animal skin       |    38 |    30 ||    68
Dodge: Dodged            |    94 |    66 ||   160

Table legend: (Time is in decaauts)
 A = Elapsed time spent in this place.
 B = Non-inter-level travel time spent in this place.
 C = Inter-level travel time spent in this place.
 D = Time resting spent in this place.
 E = Time spent auto-exploring this place.
 F = Levels seen in this place.
 G = Mean time per level.
                   A        B        C        D        E       F      G
               +--------+--------+--------+--------+--------+-----+--------+
         Total |   2670 |   2642 |     28 |    702 |   1503 |   3 |  890.0 |
       Dungeon |   2670 |   2642 |     28 |    702 |   1503 |   3 |  890.0 |
               +--------+--------+--------+--------+--------+-----+--------+

Top non-repeatable levels by time:
     D:1: 1267 daAuts
     D:2: 977 daAuts
     D:3: 425 daAuts
